 Dungeon Crawl Stone Soup version 0.20-a0-787-g4ba4951 (webtiles) character file.

3282 GlassEater the Blocker (level 9, -3/112 HPs)
             Began as a Minotaur Berserker on Feb 28, 2017.
             Was an Elder of Trog.
             Incinerated by gowby's ghost (4 damage)
             ... with a sticky flame
             ... on level 8 of the Dungeon.
             The game lasted 00:10:28 (5759 turns).

GlassEater the Blocker (Minotaur Berserker)         Turns: 5759, Time: 00:10:29

Health: -3/112     AC: 20    Str: 26    XL:     9   Next: 69%
Magic:  8/8        EV:  3    Int:  4    God:    Trog [****..]
Gold:   454        SH: 19    Dex: 14    Spells: 8/8 levels left

rFire    . . .     SeeInvis .   a - +0 mace
rCold    . . .     Gourm    .   m - +0 crystal plate armour
rNeg     . . .     Faith    .   q - +0 large shield
rPois    .         Spirit   .   H - +2 hat
rElec    .         Reflect  .   (no cloak)
rCorr    .         Harm     .   (no gloves)
MR       .....                  b - +0 pair of boots
Stlth    ..........             (no amulet)
Regen    0.3/turn               (no ring)
MPRegen  0.2/turn               (no ring)

@: berserking, liquid flames, glowing, very quick
A: retaliatory headbutt, horns 2
a: Berserk, Trog's Hand, Brothers in Arms, Burn Spellbooks, Renounce Religion


You were on level 8 of the Dungeon.
You worshipped Trog.
Trog was greatly pleased with you.
You were hungry.

You visited 1 branch of the dungeon, and saw 8 of its levels.

You collected 454 gold pieces.

Inventory:

Hand Weapons
 a - a +0 mace (weapon)
Missiles
 F - 150 bolts
Armour
 b - a +0 pair of boots (worn)
 m - a +0 crystal plate armour (worn)
 q - a +0 large shield (worn)
 H - a +2 hat (worn)
Jewellery
 x - a cursed ring of positive energy {unknown}
 B - an uncursed amulet of regeneration {unknown}
 E - a +3 ring of protection {unknown}
 G - a +5 ring of slaying {unknown}
Wands
 d - a wand of iceblast (4/15)
 y - a wand of paralysis (13/24)
 L - a wand of random effects (17/48)
 N - a wand of polymorph (8/24)
Scrolls
 f - a scroll of blinking {unknown}
 j - a scroll of enchant weapon {unknown}
 k - 6 scrolls of identify {unknown}
 l - 3 scrolls of magic mapping {unknown}
 o - a scroll of recharging {unknown}
 r - 4 scrolls of remove curse {unknown}
 s - 3 scrolls of noise {unknown}
 t - 3 scrolls of fog {unknown}
 D - a scroll of fear {unknown}
 I - a scroll of teleportation {unknown}
 K - 2 scrolls of enchant armour {unknown}
Potions
 e - a potion of invisibility {unknown}
 g - 3 potions of curing {unknown}
 h - a potion of might {unknown}
 n - 2 potions of agility {unknown}
 v - 2 potions of mutation {unknown}
 w - 2 potions of heal wounds {unknown}
 z - a potion of lignification {unknown}
 A - a potion of ambrosia {unknown}
 C - 2 potions of degeneration {unknown}
 M - a potion of berserk rage {unknown}
 O - a potion of haste {unknown}
Comestibles
 c - 6 bread rations
 i - a royal jelly
 p - 4 meat rations
 u - 3 fruits


   Skills:
 + Level 6.2 Fighting
 + Level 9.5 Maces & Flails
 + Level 5.1 Armour
 + Level 2.5 Dodging
 + Level 11.7 Shields


You had 8 spell levels left.
You didn't know any spells.

Dungeon Overview and Level Annotations

Branches:
Dungeon (8/15)             Temple (0/1) D:7
   Lair: D:8-11

Altars:
Ashenzari
Fedhas
Kikubaaqudgha
Nemelex Xobeh
Qazlal
Vehumet
Wu Jian
Xom
The Shining One

Annotations:
D:6 exclusion: statue
D:8 gowby's ghost, novice HOFE


Innate Abilities, Weirdness & Mutations

You reflexively headbutt those who attack you in melee.
You have a pair of horns on your head.


Message History

Gowby's ghost is moderately damaged.
You are covered in liquid flames!
* * * LOW HITPOINT WARNING * * *
You miss gowby's ghost.
Gowby's ghost is moderately damaged.
You are covered in liquid flames!
* * * LOW HITPOINT WARNING * * *
Gowby's ghost hits you but does no damage.
You are electrocuted!
* * * LOW HITPOINT WARNING * * *
You sock gowby's ghost!
Gowby's ghost is heavily damaged.
You are covered in liquid flames!
* * * LOW HITPOINT WARNING * * *
You block gowby's ghost's attack.
Unknown command.
You thump gowby's ghost! You headbutt gowby's ghost.
Gowby's ghost is severely damaged.
You are covered in liquid flames!
You die...

##### ....# ###### .##.####....#
.#..........## .............#
....#..#.###.###########
.......................#######
###...#.#..#.########.(......#.o.
................@Ws)().........o.
.#......#....########)...........
.########....†...# #............
.....(.##.######.####............
######.##...#......##............
#.####.#.#.##.##.........###
#.####.#.#.##.######.###.#
##...##.#.#....######.# #.#
#...[##.#.#........# # #.#


You could see a scorpion and gowby's ghost.

Vanquished Creatures
  A cyclops (D:8)
  Sigmund (D:5)
  Menkaure (D:6)
  A water moccasin (D:8)
  An orc warrior (D:8)
  A black bear (D:4)
  A sky beast (D:6)
  4 ogres
  4 centaurs
  2 bullfrogs
  2 scorpions
  5 howler monkeys
  6 crimson imps
  3 hounds
  4 jellies
  3 orc priests
  3 orc wizards
  A centaur skeleton (D:5)
  Jessica (D:3)
  An iguana (D:4)
  6 worker ants
  A hound skeleton (D:6)
  A worker ant zombie (D:8)
  8 gnolls
  A howler monkey skeleton (D:6)
  10 adders
  An ooze (D:4)
  An adder skeleton (D:4)
  A worm (D:3)
  4 dart slugs (D:1)
  2 leopard geckos
  18 orcs
  5 ball pythons
  4 giant cockroaches
  6 goblins
  8 hobgoblins
  13 jackals
  2 quokkas
  7 bats
  9 frilled lizards
  6 kobolds
  A leopard gecko skeleton (D:6)
  A leopard gecko zombie (D:6)
  9 rats
171 creatures vanquished.

Vanquished Creatures (others)
  An orc priest (D:4)
  3 orcs (D:4)
4 creatures vanquished.

Grand Total: 175 creatures vanquished

Notes
Turn   | Place    | Note
-------+----------+-------------------------------------------
     0 | D:1      | GlassEater the Minotaur Berserker began the quest for the Orb.
     0 | D:1      | Reached XP level 1. HP: 19/19 MP: 0/0
    62 | D:1      | Reached XP level 2. HP: 14/27 MP: 1/1
   287 | D:1      | Reached XP level 3. HP: 30/33 MP: 2/2
   549 | D:2      | Reached ** piety under Trog
   621 | D:2      | Found an ancient bone altar of Kikubaaqudgha.
   670 | D:2      | Reached skill level 5 in Maces & Flails
  1000 | D:2      | Reached XP level 4. HP: 36/40 MP: 3/3
  1544 | D:3      | Noticed Jessica
  1556 | D:3      | Killed Jessica
  1556 | D:3      | Reached XP level 5. HP: 41/47 MP: 4/4
  1790 | D:3      | Found a blossoming altar of Fedhas.
  1791 | D:3      | Found an ornate altar of the Wu Jian Council.
  1818 | D:3      | Found a sparkling altar of Nemelex Xobeh.
  1895 | D:3      | Found a shimmering altar of Xom.
  2027 | D:4      | Reached *** piety under Trog
  2137 | D:4      | Reached skill level 1 in Shields
  2144 | D:4      | Found a shattered altar of Ashenzari.
  2159 | D:4      | Noticed a centaur
  2174 | D:4      | Killed a centaur
  2174 | D:4      | Reached skill level 3 in Shields
  2174 | D:4      | Reached XP level 6. HP: 49/53 MP: 5/5
  2234 | D:4      | Reached skill level 4 in Shields
  2366 | D:4      | Reached skill level 5 in Shields
  2471 | D:4      | Reached skill level 6 in Shields
  2471 | D:4      | Reached XP level 7. HP: 50/60 MP: 6/6
  2603 | D:4      | Found a glowing golden altar of the Shining One.
  2886 | D:5      | Entered Level 5 of the Dungeon
  2970 | D:5      | Reached skill level 7 in Shields
  3112 | D:5      | Noticed Sigmund
  3119 | D:5      | Killed Sigmund
  3119 | D:5      | Reached skill level 8 in Shields
  3245 | D:5      | Reached XP level 8. HP: 63/67 MP: 7/7
  3306 | D:5      | Reached skill level 9 in Shields
  3721 | D:6      | Reached **** piety under Trog
  3737 | D:6      | Found a radiant altar of Vehumet.
  3988 | D:6      | Noticed Menkaure
  3994 | D:6      | Killed Menkaure
  3994 | D:6      | Reached skill level 10 in Shields
  4138 | D:6      | Reached skill level 5 in Fighting
  4853 | D:7      | Found a stormy altar of Qazlal.
  4955 | D:7      | Reached XP level 9. HP: 71/74 MP: 8/8
  4973 | D:7      | Found a staircase to the Ecumenical Temple.
  5324 | D:7      | Reached skill level 11 in Shields
  5678 | D:8      | Noticed a cyclops
  5711 | D:8      | Killed a cyclops
  5711 | D:8      | Reached skill level 5 in Armour
  5719 | D:8      | Noticed gowby's ghost (novice HOFE)
  5757 | D:8      | HP: 3/112 [gowby's ghost (8)]
  5758 | D:8      | HP: 1/112 [burnt (2)]
  5759 | D:8      | Incinerated by gowby's ghost

Vault maps used:
D:1:      onia_arrival_handbag
D:2:      marbit_many_paths, hangedman_decor_points
D:3:      old_standard_altar, lemuel_round_altar,
          gammafunk_temple_overflow_statue, uniq_jessica
D:4:      black_bear_nest_2, nicolae_tso_swordbearing_angel, lemuel_round_altar,
          first_bread, hex_medium, lemuel_flame_loot_1
D:5:      kennysheep_generic_room_14, uniq_sigmund
D:6:      vehumet_statue, kennysheep_generic_room_10, uniq_menkaure
D:7:      nicolae_qazlal_general_emergency, minmay_temple_entry_grid
D:8:      lair_entry_dummy

Skill      XL: |  1  2  3  4  5  6  7  8  9 |
---------------+----------------------------+-----
Maces & Flails | 4 5 6 7 9 |  9.5
Fighting       | 4 5 6 |  6.2
Armour         | 3 4 5 |  5.1
Shields        | 3 6 8 10 11 | 11.7
Dodging        | |  2.5

Action                   |  1- 3 |  4- 6 |  7- 9 || total
-------------------------+-------+-------+-------++-------
Melee: Mace              |    96 |   141 |   411 ||   648
       Headbutt          |    10 |    21 |   100 ||   131
Invok: Berserk           |       |     2 |     6 ||     8
       Trog's Hand       |       |     1 |     1 ||     2
       Burn Spellbooks   |       |       |     3 ||     3
  Eat: Chunk             |       |     8 |    12 ||    20
       Royal jelly       |       |       |     2 ||     2
Armor: Animal skin       |    13 |       |       ||    13
       Leather armour    |     9 |       |       ||     9
       Crystal plate arm |    67 |   146 |   198 ||   411
       Chain mail        |     6 |       |       ||     6
Dodge: Dodged            |    58 |    19 |     8 ||    85
Block: Large shield      |       |    64 |   377 ||   441
